 Dungeon Crawl Stone Soup version 0.30-a0-824-g6c64550be9 (webtiles) character file.

Game seed: 761613841131789585

257 qeuew the Shield-Bearer (level 6, -2/48 HPs)
             Began as a Formicid Fighter on Feb 27, 2023.
             Succumbed to a kobold's poison
             ... on level 4 of the Dungeon.
             The game lasted 00:04:20 (3409 turns).

qeuew the Shield-Bearer (Formicid Fighter)          Turns: 3409, Time: 00:04:20

Health: -2/48      AC:  7    Str: 22    XL:     6   Next: 39%
Magic:  6/6        EV: 10    Int:  8    God:
Gold:   206        SH:  5    Dex: 13    Spells: 5/5 levels left

rFire   + . .      SeeInvis +    g - +1 bardiche (protect)
rCold   . . .      Faith    .    c - +0 buckler
rNeg    . . .      Spirit   .    b - +0 scale mail
rPois   .          Reflect  .    (helmet unavailable)
rElec   .          Harm     .    (no cloak)
rCorr   .          Rampage  .    (no gloves)
Will    .....                    (no boots) Stlth
                                 (no amulet)
HPRegen 0.28/turn                i - ring of protection from fire
MPRegen 0.10/turn                (no ring)

@: mighty, lethally poisoned (-2 -> -8)
A: permanent stasis, dig shafts and tunnels, antennae 3, four strong arms
a: Dig, Shaft Self


You were on level 4 of the Dungeon.
You visited 1 branch of the dungeon, and saw 5 of its levels.

You collected 206 gold pieces.

Inventory:

Hand Weapons
 g - a +1 bardiche of protection (weapon)
Armour
 b - a +0 scale mail (worn)
 c - a +0 buckler (worn)
Jewellery
 i - a ring of protection from fire (left hand)
Scrolls
 e - a scroll of identify
Potions
 d - a potion of might
 j - a potion of flight


   Skills:
 + Level 4.1 Fighting
 * Level 3.6 Polearms
 + Level 4.1 Armour
 + Level 1.6 Dodging
 * Level 5.8 Shields


You had 5 spell levels left.
You didn't know any spells.
Your spell library contained the following spells:

 Spells                   Type           Power      Damage    Failure   Level
 Sublimation of Blood     Necr           0%         N/A       90%         2
 Wereblood                Tmut           0%         N/A       90%         2
 Summon Lightning Spire   Summ/Air       0%         N/A       100%        4
 Storm Form               Tmut/Air       0%         N/A       100%        7
 Summon Hydra             Summ           0%         N/A       100%        7
 Maxwell's Capacitive Co  Air            0%         ∞         100%        8


Dungeon Overview and Level Annotations

Branches:
Dungeon (5/15)
 Temple: D:4-7

Altars:

Shops:
D:4 [


Innate Abilities, Weirdness & Mutations

You cannot be hasted, slowed, berserked, paralysed or teleported.
You can dig through walls and to a lower floor.
You have a pair of large antennae on your head. (SInv)
Your four strong arms can wield two-handed weapons with a shield.


Message History

The kobold hits you but does no damage. The kobold brigand closely misses you.
The kobold misses you. x2; The kobold closely misses you.
You feel better. The kobold barely misses you.
The kobold hits you but does no damage. The kobold closely misses you.
The kobold brigand hits you with a +0 whip.
* * * LOW HITPOINT WARNING * * *
The kobold closely misses you.
You feel very mighty all of a sudden. The kobold closely misses you.
You block the kobold's attack. The kobold hits you but does no damage.
You block the kobold brigand's attack. The kobold hits you but does no damage.
You are poisoned.
You miss the kobold brigand.
The kobold brigand is severely wounded.
You feel sick. The kobold hits you but does no damage.
You block the kobold's attack. The kobold barely misses you.
The kobold brigand hits you with a +0 whip.
* * * LOW HITPOINT WARNING * * *
The kobold barely misses you. The kobold hits you with a +0 whip.
* * * LOW HITPOINT WARNING * * *
The kobold brigand hits you with a +0 whip.
* * * LOW HITPOINT WARNING * * *
The kobold closely misses you. You block the kobold's attack.
The kobold hits you with a +0 whip.
* * * LOW HITPOINT WARNING * * *
You feel better. The kobold closely misses you.
The kobold hits you but does no damage. You block the kobold's attack.
The kobold brigand misses you. The kobold hits you but does no damage.
You are lethally poisoned!
Something appears at your feet!
* * * LOW HITPOINT WARNING * * *
You feel sick. You block the kobold's attack. x2
The kobold hits you with a +0 whip.
* * * LOW HITPOINT WARNING * * *
The kobold brigand hits you with a +0 whip.
* * * LOW HITPOINT WARNING * * *
The kobold closely misses you.
You barely miss the kobold brigand.
The kobold brigand is severely wounded.
You die...

###.# #⌠.⌠.##### #.#
#.∩..# #.# #⌠.⌠.# #.#
##...# #.# ######..#
#.# #.......#
#.#####.####.##
#K.K.##.## #.#
#K@K^#...###.#
###.K.....<....#
#.............#######
#..#................[
#..........##.#######
####...##.###.#
#...#### #.# #...#
#.# ##.## #.#


You could see a kobold brigand and 4 kobolds.

Vanquished Creatures
  A phantom (D:4)
  A hound (D:4)
  An orc wizard (D:4)
  Terence (D:3)
  2 adders (D:2)
  5 dart slugs
  4 orcs (D:4)
  7 ball pythons
  4 bats
  7 endoplasms
  2 giant cockroaches
  4 hobgoblins
  3 jackals (D:1)
  2 quokkas (D:2)
  3 frilled lizards
  9 goblins
  10 kobolds
  10 rats
76 creatures vanquished.

Vanquished Creatures (others)
  2 plants (D:1)
2 creatures vanquished.

Grand Total: 78 creatures vanquished

Notes
Turn   | Place    | Note
-------+----------+-------------------------------------------
     0 | D:1      | qeuew the Formicid Fighter began the quest for the Orb.
     0 | D:1      | Reached XP level 1. HP: 18/18 MP: 1/1
    92 | D:1      | Reached XP level 2. HP: 21/24 MP: 2/2
   299 | D:1      | Reached XP level 3. HP: 29/29 MP: 3/3
  1051 | D:2      | Reached XP level 4. HP: 31/37 MP: 4/4
  1969 | D:3      | Noticed Terence
  1981 | D:3      | Killed Terence
  1982 | D:3      | Reached skill level 1 in Dodging
  1982 | D:3      | Reached skill level 5 in Shields
  1982 | D:3      | Reached XP level 5. HP: 34/42 MP: 5/5
  2614 | D:3      | Identified a scroll of acquirement
  2615 | D:3      | Acquired a +1 bardiche of protection
  2628 | D:4      | Noticed a phantom
  2640 | D:4      | Killed a phantom
  2713 | D:4      | Reached XP level 6. HP: 22/48 MP: 6/6
  3018 | D:4      | Found Feilum's Armour Shop.
  3394 | D:5      | Entered Level 5 of the Dungeon
  3406 | D:4      | HP: 1/48 [kobold/+0 whip (3)]
  3408 | D:4      | Acquired the amulet "Attes" {Reflect Int+2 SH+5}
  3409 | D:4      | Succumbed to a kobold's poison

Illustrated notes

Levels and vault maps discovered:
D:1:      denvon_arrival_hothouse, layout_basic, serial_glass, glass_columns_a,
          glass_columns_a, glass_columns_a, glass_columns_a, minivault_23,
          minmay_misc_feat_four_crosses, grunt_decor_fettered,
          serial_bayou_lagoon_a
D:2:      layout_loops_ring
D:3:      layout_basic, serial_co_window_serial, co_window_of_opportunity_a,
          co_window_paths_a, co_window_of_opportunity_a, co_window_corner_a,
          co_window_paths_b, co_window_cross_1, co_window_corner_b,
          co_window_cross_3, co_window_2corner, co_window_paths_c,
          co_window_paths_c, co_window_unsneaky_path_b, co_window_broadway_b,
          co_window_4corner_b, glass_columns_a, glass_columns_b,
          glass_columns_b, glass_columns_a, glass_columns_a, uniq_terence
D:4:      layout_loops_ring, serial_shops, shop_fountains
D:5:      layout_loops_ring, serial_shops, nicolae_shop_behind_doors,
          chequers_serial_rivers_small_3, uniq_crazy_yiuf_cottage, uniq_duvessa

Skill      XL: |  1  2  3  4  5 |
---------------+----------------+-----
Polearms       | 3 |  3.6
Dodging        | 1 |  1.6
Shields        | 5 |  5.8
Fighting       | 4 |  4.1
Armour         | 4 |  4.1

Action                     |  1- 3 |  4- 6 || total
---------------------------+-------+-------++-------
  Melee: Trident           |   111 |    67 ||   178
         Bardiche          |       |    75 ||    75
    Use: Scroll            |     2 |     6 ||     8
         Potion            |     2 |     4 ||     6
 Armour: Scale mail        |    45 |    72 ||   117
  Dodge: Dodged            |    29 |    91 ||   120
  Block: Buckler           |    28 |    68 ||    96

Table legend: (Time is in decaauts)
 A = Elapsed time spent in this place.
 B = Non-inter-level travel time spent in this place.
 C = Inter-level travel time spent in this place.
 D = Time resting spent in this place.
 E = Time spent auto-exploring this place.
 F = Levels seen in this place.
 G = Mean time per level.
                   A        B        C        D        E       F      G
               +--------+--------+--------+--------+--------+-----+--------+
         Total |   3507 |   3437 |     70 |     65 |   2783 |   5 |  701.4 |
       Dungeon |   3507 |   3437 |     70 |     65 |   2783 |   5 |  701.4 |
               +--------+--------+--------+--------+--------+-----+--------+

Top non-repeatable levels by time:
     D:3: 1020 daAuts
     D:1: 885 daAuts
     D:4: 828 daAuts
     D:2: 762 daAuts
     D:5: 10 daAuts
